 Dungeon Crawl Stone Soup version 0.30.1-9-gdf580d7c3d (webtiles) character file.

Game seed: 8185528904977720268

12159 eliilek the Warrior (level 11, -2/171 HPs)
             Began as a Minotaur Berserker on Oct 9, 2023.
             Was an Elder of Trog.
             Slain by a five-headed hydra (4 damage)
             ... on level 3 of the Lair of Beasts on Oct 10, 2023.
             The game lasted 00:24:33 (10607 turns).

eliilek the Warrior (Minotaur Berserker)           Turns: 10607, Time: 00:24:33

Health: -2/171     AC: 25    Str: 24    XL:     11   Next: 58%
Magic:  10/10      EV:  8    Int:  4    God:    Trog [****..]
Gold:   423        SH:  0    Dex: 12    Spells: 10/10 levels left

rFire   . . .        a - +2 morningstar (protect)
rCold   . . .        (no shield)
rNeg    . . .        k - +1 plate armour {Will+}
rPois   .            (helmet restricted)
rElec   .            l - scarf {+Inv}
rCorr   .            g - +0 pair of gloves
SInv    .            A - +2 pair of boots
Will    +....        h - amulet of faith Stlth
                     (no ring)
HPRegen 0.48/turn    (no ring)
MPRegen 0.12/turn

%: faith
@: berserking, under a protective aura, hasted, very quick
A: horns 2, retaliatory headbutt
a: Renounce Religion, Evoke Invisibility, Berserk, Trog's Hand, Brothers in Arms


You were on level 3 of the Lair of Beasts.
You worshipped Trog.
Trog was greatly pleased with you.
You visited 2 branches of the dungeon, and saw 12 of its levels.

You collected 533 gold pieces.
You spent 110 gold pieces at shops.

Inventory:

Hand Weapons
 a - a +2 morningstar of protection (weapon)
Missiles
 f - 3 datura-tipped darts
 m - 5 poisoned darts (quivered)
 s - 5 atropa-tipped darts
 I - 3 throwing nets
Armour
 g - a +0 pair of gloves (worn)
 k - a +1 plate armour of willpower (worn)
 l - a scarf of invisibility (worn)
 A - a +2 pair of boots (worn)
Jewellery
 h - an amulet of faith (around neck)
Wands
 j - a wand of flame (26)
 o - a wand of light (8)
 r - a wand of charming (4)
 u - a wand of polymorph (10)
 D - a wand of iceblast (12)
 H - a wand of mindburst (5)
Scrolls
 b - a scroll of brand weapon {unknown}
 d - 2 scrolls of identify
 i - 4 scrolls of teleportation
 n - a scroll of enchant armour {unknown}
 p - a scroll of amnesia {unknown}
 v - 2 scrolls of magic mapping
 w - a scroll of fear {unknown}
 y - a scroll of silence {unknown}
 z - a scroll of torment {unknown}
 C - a scroll of blinking {unknown}
 E - a scroll of poison {unknown}
 G - a scroll of noise {unknown}
 J - 4 scrolls of fog {unknown}
Potions
 c - 2 potions of haste
 e - 3 potions of ambrosia
 q - a potion of curing
 t - 3 potions of mutation
 x - a potion of berserk rage
 B - 2 potions of attraction {unknown}
 F - a potion of might {unknown}
 K - 2 potions of resistance {unknown}


   Skills:
 + Level 16.2 Fighting
 - Level 14.0 Maces & Flails
 * Level 6.1 Armour
 + Level 4.1 Dodging


You had 10 spell levels left.
You didn't know any spells.
Your spell library was empty.

Dungeon Overview and Level Annotations

Branches:
Dungeon (8/15)             Temple (0/1) D:4            Lair (4/5) D:8
  Swamp: Lair:2-3    Shoals: Lair:2-3     Snake: Lair:2-3    Spider: Lair:2-3
  Slime: Lair:4-5

Altars:
Ashenzari
Cheibriados
Dithmenos
Elyvilon
Fedhas
Gozag
Hepliaklqana
Kikubaaqudgha
Nemelex Xobeh
Qazlal
Sif Muna
Trog
Uskayaw
Xom
Yredelemnul

Shops:
D:4 *   D:5 (

Annotations:
D:8 4 runed translucent doors


Innate Abilities, Weirdness & Mutations

You have a pair of horns on your head.
You reflexively headbutt those who attack you in melee.


Message History

A red film seems to cover your vision as you go berserk!
You feel yourself moving faster!
You feel mighty! The five-headed hydra bites you.
* * * LOW HITPOINT WARNING * * *
The five-headed hydra bites you but does no damage. x2
The five-headed hydra barely misses you.
The five-headed hydra bites you.
* * * LOW HITPOINT WARNING * * *
You closely miss the water moccasin.
Your headbutt misses the water moccasin.
The water moccasin barely misses you.
You closely miss the water moccasin. The water moccasin bites you.
* * * LOW HITPOINT WARNING * * *
The five-headed hydra bites you but does no damage.
The five-headed hydra bites you!
* * * LOW HITPOINT WARNING * * *
The five-headed hydra bites you but does no damage. x2
The five-headed hydra bites you.
* * * LOW HITPOINT WARNING * * *
You closely miss the water moccasin.
The water moccasin bites you but does no damage.
The water moccasin barely misses you.
You are too berserk!
You thump the water moccasin!
Your weapon exudes an aura of protection.
You headbutt the water moccasin!
You kill the water moccasin!
Trog accepts your kill.
The five-headed hydra bites you but does no damage.
The five-headed hydra bites you!
* * * LOW HITPOINT WARNING * * *
The five-headed hydra barely misses you.
The five-headed hydra bites you but does no damage.
The five-headed hydra barely misses you.
You barely miss the water moccasin.
The water moccasin bites you but does no damage.
You barely miss the water moccasin.
The five-headed hydra closely misses you.
The five-headed hydra bites you.
You die...

.. #.# #.. ..#
###..# #...#
##.D.# #.@S.#
#...†.......
...............
.....#.........
...##..........
.. ...........
. ...........
............


You could see a five-headed hydra and a water moccasin.

Vanquished Creatures
  Harold (Lair:1)
  3 death yaks
  2 skysharks (Lair:2)
  2 black mambas
  4 cane toads
  A rime drake (Lair:1)
  3 komodo dragons
  A polar bear (Lair:1)
  8 blink frogs
  Sigmund (D:2)
  7 yaks
  A naga (Lair:2)
  5 water moccasins
  An ice beast (D:7)
  A sky beast (D:7)
  2 ogres
  A centaur (D:6)
  A phantom (D:5)
  10 bullfrogs
  A scorpion (D:5)
  5 wights (D:8)
  5 killer bees (D:6)
  A howler monkey (D:6)
  2 orc priests
  3 hounds
  4 jellies
  A gnoll bouda (D:7)
  Terence (D:3)
  7 iguanas
  Natasha (thrice) (D:4)
  2 orc wizards
  6 gnolls
  4 adders
  2 white imps
  An ufetubus (D:4)
  2 worms
  2 dart slugs (D:1)
  18 orcs
  4 ball pythons
  7 endoplasms
  3 giant cockroaches
  4 goblins
  7 hobgoblins
  4 quokkas
  3 bats
  2 frilled lizards
  9 kobolds
  2 rats
  A spectral hobgoblin (D:7)
171 creatures vanquished.

Notes
Turn   | Place    | Note
-------+----------+-------------------------------------------
     0 | D:1      | eliilek the Minotaur Berserker began the quest for the Orb.
     0 | D:1      | Reached XP level 1. HP: 19/19 MP: 0/0
   253 | D:1      | Reached XP level 2. HP: 27/27 MP: 1/1
   326 | D:1      | Reached skill level 4 in Fighting
   575 | D:1      | Reached XP level 3. HP: 30/33 MP: 2/2
  1049 | D:2      | Noticed Sigmund
  1071 | D:2      | Killed Sigmund
  1072 | D:2      | Reached skill level 5 in Fighting
  1072 | D:2      | Reached XP level 4. HP: 42/42 MP: 3/3
  1072 | D:2      | Reached XP level 5. HP: 48/48 MP: 4/4
  1365 | D:2      | Reached ** piety under Trog
  1682 | D:3      | Noticed Terence
  1702 | D:3      | Killed Terence
  1795 | D:3      | You fall into a shaft and drop 2 floors!
  1795 | D:5      | Entered Level 5 of the Dungeon
  1869 | D:4      | Reached XP level 6. HP: 45/56 MP: 5/5
  2033 | D:4      | Found Otuc's General Store.
  2038 | D:4      | Bought a potion of curing for 33 gold pieces
  2038 | D:4      | Bought a scroll of identify for 22 gold pieces
  2038 | D:4      | Bought a potion of heal wounds for 55 gold pieces
  2040 | D:4      | Found a staircase to the Ecumenical Temple.
  2186 | D:4      | Found a shadowy altar of Dithmenos.
  2188 | D:4      | Found a shimmering altar of Xom.
  2194 | D:4      | Found a basalt altar of Yredelemnul.
  2196 | D:4      | Found an ancient bone altar of Kikubaaqudgha.
  2197 | D:4      | Found a stormy altar of Qazlal.
  2199 | D:4      | Found a shimmering blue altar of Sif Muna.
  2256 | D:4      | Reached skill level 6 in Fighting
  2307 | D:4      | Found a sparkling altar of Nemelex Xobeh.
  2829 | D:4      | Noticed Natasha
  2832 | D:4      | Killed Natasha
  2913 | D:4      | Reached XP level 7. HP: 63/63 MP: 6/6
  3003 | D:4      | Reached *** piety under Trog
  3575 | D:5      | Found a hide-covered altar of Uskayaw.
  3659 | D:4      | Noticed Natasha
  3663 | D:4      | Killed Natasha
  4174 | D:4      | Noticed Natasha
  4179 | D:4      | Killed Natasha
  4365 | D:5      | Found a white marble altar of Elyvilon.
  4382 | D:5      | Found Pokon's Weapon Shoppe.
  4402 | D:5      | Reached skill level 7 in Fighting
  4945 | D:6      | Found an opulent altar of Gozag.
  5095 | D:6      | Reached XP level 8. HP: 66/73 MP: 7/7
  5129 | D:6      | Reached skill level 10 in Maces & Flails
  5230 | D:6      | Found a transporter.
  5233 | D:6      | Noticed a kobold demonologist
  5257 | D:6      | Reached skill level 8 in Fighting
  5295 | D:6      | Found a transporter.
  5866 | D:7      | Found a hazy altar of Hepliaklqana.
  5886 | D:7      | Reached skill level 9 in Fighting
  5886 | D:7      | Reached XP level 9. HP: 83/83 MP: 8/8
  6052 | D:7      | Found a snail-covered altar of Cheibriados.
  6122 | D:8      | Reached **** piety under Trog
  6535 | D:8      | Found a huge runed translucent gate.
  6535 | D:8      | Found a huge runed translucent gate.
  6535 | D:8      | Found a huge runed translucent gate.
  6535 | D:8      | Noticed a polar bear
  6535 | D:8      | Noticed a polar bear
  6536 | D:8      | Found a huge runed translucent gate.
  6536 | D:8      | Noticed a death yak
  6536 | D:8      | Noticed a polar bear
  6596 | D:8      | Found a bloodstained altar of Trog.
  6631 | D:8      | Found a broken altar of Ashenzari.
  6873 | D:8      | Noticed a death yak
  6887 | D:8      | Noticed a death yak
  6892 | D:8      | Found a staircase to the Lair.
  6911 | D:7      | Killed a death yak
  6912 | D:7      | Reached skill level 10 in Fighting
  7185 | D:8      | Noticed a death yak
  7189 | D:8      | Killed a death yak
  7192 | D:8      | Reached skill level 11 in Fighting
  7196 | D:8      | Reached XP level 10. HP: 96/96 MP: 9/9
  7209 | D:8      | Killed a death yak
  7210 | D:8      | Reached skill level 12 in Fighting
  7377 | D:8      | Found a blossoming altar of Fedhas.
  7865 | Lair:1   | Entered Level 1 of the Lair of Beasts
  7918 | Lair:1   | HP: 4/100 [blink frog (13)]
  7927 | Lair:1   | Reached skill level 13 in Fighting
  8352 | Lair:1   | Noticed a cane toad
  8376 | D:8      | Killed a cane toad
  8658 | Lair:1   | Noticed a black mamba
  8670 | Lair:1   | Killed a black mamba
  8671 | Lair:1   | Reached skill level 14 in Fighting
  8751 | Lair:1   | Noticed a cane toad
  8765 | Lair:1   | Killed a cane toad
  9219 | Lair:1   | Noticed Harold
  9230 | Lair:1   | Killed Harold
  9231 | Lair:1   | Reached skill level 15 in Fighting
  9231 | Lair:1   | Reached XP level 11. HP: 112/112 MP: 10/10
 10029 | Lair:2   | Reached skill level 16 in Fighting
 10285 | Lair:2   | You fall into a shaft and drop 2 floors!
 10319 | Lair:2   | Noticed a skyshark
 10338 | Lair:2   | Killed a skyshark
 10339 | Lair:2   | Reached skill level 5 in Armour
 10551 | Lair:2   | Noticed a skyshark
 10560 | Lair:2   | Killed a skyshark
 10573 | Lair:2   | Noticed a five-headed hydra
 10589 | Lair:2   | Noticed a seven-headed hydra
 10605 | Lair:3   | HP: 2/171 [five-headed hydra (8)]
 10607 | Lair:3   | Slain by a five-headed hydra

Illustrated notes

Levels and vault maps discovered:
D:1:      nzn_arrival_crosshair, layout_basic
D:2:      layout_basic, uniq_sigmund
D:3:      layout_rooms, nicolae_kite_square_tiling_tiny, kennysheep_nub,
          uniq_terence
D:4:      layout_loops_corners, nicolae_overflow_hallway_of_the_gods,
          minmay_temple_entry_statues_pillars, serial_shops,
          nicolae_shop_pleasant_corner_grove, uniq_natasha
D:5:      layout_basic, general_overflow_altar, elyvilon_altar_4, serial_shops,
          shop
D:6:      gammafunk_wand_slinger, layout_basic, mainiacjoe_overflow_24_doors,
          serial_rivers, chequers_serial_rivers_large_a,
          chequers_serial_rivers_micro_c, chequers_serial_rivers_micro_d,
          chequers_serial_rivers_room_b, chequers_serial_rivers_small_a
D:7:      layout_cave_pools, nicolae_hepliaklqana_monster_ancestors,
          mainiacjoe_overflow_alcove_1
D:8:      lemuel_bear_cage, layout_cave_pools, mainiacjoe_overflow_alcove_4,
          mainiacjoe_overflow_big_doors, dpeg_lair_monsters, nicolae_wwwww
Lair:1:   layout_regular_city, uniq_harold
Lair:2:   layout_cave_pods, palyth_hydra_swamp_entry,
          guppyfry_snake_entry_island, lemuel_fruit_tree
Lair:3:   layout_cave_pods, serial_bayou_shore_b, serial_bayou_shore_b
Lair:4:   layout_roguey, slime_entry_1, grunt_megastairs_1, serial_bayou_shore_a

Skill      XL: |  1  2  3  4  5  6  7  8  9 10 11 |
---------------+----------------------------------+-----
Maces & Flails | 4 6 7 8 9 12 14 | 14.0
Fighting       | 4 5 6 7 9 11 15 16 | 16.2
Armour         | 6 |  6.1
Dodging        | 4 |  4.1

Action                     |  1- 3 |  4- 6 |  7- 9 | 10-12 || total
---------------------------+-------+-------+-------+-------++-------
  Melee: Mace              |    53 |    10 |       |       ||    63
         Headbutt          |     6 |    13 |    40 |    52 ||   111
         Flail             |       |    98 |   155 |       ||   253
         Punch             |       |     2 |     5 |       ||     7
         Morningstar       |       |       |    58 |   208 ||   266
  Throw: Dart              |       |       |     3 |     5 ||     8
 Invoke: Berserk           |     1 |       |     3 |     3 ||     7
         Trog's Hand       |       |       |       |     1 ||     1
    Use: Scroll            |       |       |    11 |       ||    11
         Potion            |       |       |       |     3 ||     3
   Stab: Distracted        |       |     1 |       |       ||     1
 Armour: Scale mail        |     7 |       |       |       ||     7
         Chain mail        |     9 |     3 |       |       ||    12
         Plate armour      |       |    66 |   141 |   158 ||   365
  Dodge: Dodged            |    26 |    31 |    76 |    87 ||   220
